Map: Site Delta LE

Players

Maximus

  • Race: Terran Terran
  • League: Diamond
  • Spawn Location: 11:00

Obvi - Winner!

  • Race: Zerg Zerg
  • League: Diamond
  • Spawn Location: 5:00

VOD

Have the link to the VOD?

Description

Time

  • Played on: Nov. 2, 2023, 8:59 p.m.
  • Length: 9:49
Show
View Real Time Build Order
Export as new Build Order

Maximus Terran 

Build Orders:  

Get SALT Encoding   

  12  0:00  SCV  
  13  0:12  SCV  
  14  0:26  Supply Depot  
  14  0:27  SCV  
  15  0:47  SCV  
  16  0:50  Barracks  
  16  0:58  Refinery  
  16  0:59  SCV  
  17  1:11  SCV  
  18  1:23  SCV  
  19  1:31  Command Center  
  19  1:44  Engineering Bay  
  19  1:50  Orbital Command  
  19  1:55  Marine  
  20  2:05  Factory  
  20  2:15  Supply Depot  
  20  2:18  Marine  
  21  2:26  Refinery  
  21  2:29  SCV  
  22  2:47  Refinery  
  22  2:48  Factory Tech Lab, Refinery  
  22  2:50  Orbital Command  
  22  2:54  SCV  
  23  3:03  Marine  
  24  3:06  SCV  
  25  3:18  SCV  
  25  3:19  Supply Depot  
  26  3:22  Siege Tank  
  26  3:25  SCV  
  30  3:31  SCV  
  31  3:35  Marine  
  31  3:37  SCV  
  33  3:44  Starport  
  33  3:53  SCV, Starport  
  34  4:13  Starport  
  34  4:17  Starport  
  34  4:20  Widow Mine  
  34  4:21  SCV x2  
  38  4:29  Starport  
  38  4:37  SCV  
  38  4:38  SCV  
  40  4:46  Starport Tech Lab x2  
  40  4:48  Hyperflight Rotors  
  40  4:49  SCV  
  40  4:51  Marine  
  42  4:54  Starport Tech Lab x2  
  42  5:04  SCV  
  42  5:05  Starport Tech Lab  
  42  5:06  Cloaking Field  
  43  5:16  Banshee  
  46  5:21  Banshee  
  46  5:25  SCV  
  50  5:30  Banshee  
  53  5:36  Raven  
  53  5:41  Banshee  
  58  5:46  SCV x2  
  60  5:58  SCV  
  60  5:59  Banshee  
  60  6:00  Supply Depot  
  64  6:04  Banshee  
  64  6:08  Supply Depot  
  67  6:13  Banshee  
  70  6:21  Banshee, SCV  
  70  6:24  SCV  
  75  6:29  Banshee  
  78  6:42  Banshee  
  81  6:47  Banshee  
  84  6:56  Banshee  
  87  7:05  Banshee  
  87  7:06  Command Center  
  89  7:19  Banshee  
  54  8:14  Banshee  
  54  8:19  Banshee  
  53  8:21  Banshee  
  53  8:22  SCV  
  53  8:23  SCV  
  52  8:34  SCV  
  53  8:58  SCV  
Show
View Real Time Build Order
Export as new Build Order

Obvi Zerg - Winner!

Build Orders: Hatch First 

Get SALT Encoding   

  12  0:00  Drone  
  13  0:15  Overlord  
  13  0:17  Drone  
  14  0:33  Drone x2  
  16  0:44  Drone  
  17  0:54  Drone  
  17  0:55  Hatchery  
  17  1:01  Drone  
  18  1:08  Extractor  
  17  1:16  Drone, Spawning Pool  
  17  1:20  Drone  
  18  1:31  Drone  
  19  1:41  Overlord  
  19  1:52  Drone  
  20  2:03  Queen  
  20  2:04  Zergling x2  
  20  2:07  Queen  
  26  2:08  Zergling x2  
  26  2:14  Drone  
  27  2:18  Drone  
  27  2:19  Metabolic Boost  
  28  2:28  Drone  
  29  2:31  Drone  
  30  2:38  Drone  
  30  2:42  Drone  
  32  2:46  Hatchery  
  32  2:49  Drone  
  32  2:51  Overlord  
  32  2:57  Drone  
  33  2:59  Queen  
  33  3:03  Overlord  
  35  3:08  Drone  
  35  3:11  Drone  
  37  3:13  Drone x2  
  39  3:20  Drone x3  
  39  3:23  Drone x2  
  39  3:26  Extractor  
  43  3:28  Drone  
  43  3:31  Drone  
  45  3:39  Drone  
  45  3:40  Queen  
  48  3:44  Overlord  
  48  3:56  Baneling Nest  
  48  4:02  Overlord  
  47  4:09  Drone x4  
  51  4:14  Lair  
  51  4:15  Drone  
  52  4:17  Drone  
  52  4:21  Queen, Overlord  
  52  4:22  Queen  
  52  4:23  Drone  
  52  4:24  Drone x3  
  61  4:28  Drone x2  
  61  4:31  Drone x2  
  65  4:36  Drone  
  66  4:43  Evolution Chamber  
  65  4:47  Drone, Evolution Chamber  
  65  4:53  Overlord  
  65  4:54  Overlord  
  65  4:55  Overlord  
  65  4:56  Overlord  
  65  4:58  Drone x6  
  71  5:10  Zerg Melee Weapons Level 1  
  71  5:12  Zerg Ground Armor Level 1  
  71  5:14  Centrifugal Hooks  
  71  5:18  Zergling x2, Hatchery  
  71  5:19  Zergling x6  
  74  5:39  Overseer  
  74  5:41  Hatchery  
  73  5:54  Zergling x26  
  73  5:56  Baneling x5  
  86  6:00  Hatchery  
  86  6:03  Zergling x2  
  86  6:04  Zergling x4, Hatchery  
  88  6:07  Zergling x4  
  90  6:18  Zergling x6  
  90  6:22  Infestation Pit, Drone  
  90  6:24  Zergling x10  
  97  6:25  Baneling  
  97  6:26  Baneling x4  
  97  6:28  Extractor  
  97  6:30  Drone x2  
  97  6:31  Extractor  
  97  6:32  Extractor  
  97  6:34  Extractor  
  97  6:38  Spore Crawler  
  97  6:39  Spore Crawler  
  93  6:40  Spore Crawler  
  93  6:41  Queen x3  
  98  6:53  Drone x3  
  101  6:54  Drone  
  101  6:55  Drone x4  
  101  6:56  Drone  
  101  7:00  Spire  
  105  7:15  Overseer  
  102  7:25  Queen x3  
  82  8:00  Spore Crawler  
  82  8:01  Spore Crawler  
  78  8:06  Spore Crawler  
  78  8:12  Hatchery  
  71  8:18  Zergling x12  
  72  8:25  Zergling x14, Hatchery  
  69  8:35  Corruptor x9  
  87  9:01  Corruptor x4  
  79  9:26  Spore Crawler  
Tags
 
Add a new tag
Caveats
  • Supply blocks, unpowered buildings, or Contaminate may cause inaccurate times.
  • Supply counts are checked every 10 seconds.